 Dungeon Crawl Stone Soup version 0.28-a0-172-g787e458d71 (webtiles) character file.

Game seed: 8302674385055942482

186 frimble the Skirmisher (level 5, -1/45 HPs)
             Began as a Minotaur Warper on Aug 17, 2021.
             Slain by Edmund (14 damage)
             ... on level 3 of the Dungeon.
             The game lasted 00:03:00 (3039 turns).

frimble the Skirmisher (Minotaur Warper)            Turns: 3039, Time: 00:03:00

Health: -1/45      AC:  3    Str: 15    XL:     5   Next: 38%
Magic:  2/6        EV: 16    Int: 10    God:
Gold:   121        SH:  0    Dex: 11    Spells: 5/7 levels left

rFire   . . .      SeeInvis .   p - +0 long sword
rCold   . . .      Faith    .   (no shield)
rNeg    . . .      Spirit   .   b - +0 leather armour
rPois   .          Reflect  .   (helmet restricted)
rElec   .          Harm     .   (no cloak)
rCorr   .          Rampage  .   (no gloves)
Will    .....                   (no boots)
Stlth   +.........              (no amulet)
HPRegen 0.15/turn               h - +4 ring of evasion
MPRegen 0.10/turn               (no ring)

@: very slightly contaminated, studying Long Blades
A: horns 2, retaliatory headbutt
a: no special abilities


You were on level 3 of the Dungeon.
You visited 1 branch of the dungeon, and saw 4 of its levels.

You collected 121 gold pieces.

Inventory:

Hand Weapons
 p - a +0 long sword (weapon)
Missiles
 d - 5 boomerangs of dispersal
 k - 9 poisoned darts (quivered)
 r - 5 boomerangs
Armour
 b - a +0 leather armour (worn)
Jewellery
 h - a +4 ring of evasion (left hand)
 n - a ring of wizardry
 q - a ring of protection from fire
Scrolls
 a - a scroll of vulnerability {unknown}
 c - a scroll of blinking
 e - a scroll of fog {unknown}
 i - a scroll of identify {unknown}
 l - 2 scrolls of teleportation {unknown}
 o - a scroll of summoning {unknown}


   Skills:
 + Level 3.3 Fighting
 - Level 2.7(2.9) Short Blades
 + Level 1.4(2.4) Long Blades
 + Level 1.9 Throwing
 + Level 2.9 Armour
 + Level 3.1 Dodging
 + Level 1.9 Spellcasting
 + Level 2.6 Translocations


You had 5 spell levels left.
You knew the following spells:

 Your Spells              Type           Power      Damage    Failure   Level
a - Blink                 Tloc           N/A        N/A       21%         2

Your spell library contained the following spells:

 Spells                   Type           Power      Damage    Failure   Level
 Gell's Gravitas          Tloc           3%         N/A       36%         3
 Lesser Beckoning         Tloc           3%         N/A       36%         3
 Teleport Other           Tloc           6%         N/A       36%         3
 Passwall                 Tmut/Erth      0%         N/A       52%         2
 Swiftness                Air            0%         N/A       75%         3
 Manifold Assault         Tloc           6%         N/A       98%         5
 Blade Hands              Tmut           0%         N/A       100%        5
 Irradiate                Conj/Tmut      0%         3d14      100%        5
 Invisibility             Hex            0%         N/A       100%        6
 Dragon Form              Tmut           0%         N/A       100%        7


Dungeon Overview and Level Annotations

Branches:
Dungeon (4/15)
 Temple: D:4-7

Altars:
Nemelex Xobeh

Shops:
D:2 [(

Annotations:
D:3 2 transporters, CowFu's ghost, amateur DECj; Edmund


Innate Abilities, Weirdness & Mutations

You have a pair of horns on your head.
You reflexively headbutt those who attack you in melee.


Message History

Casting: Blink (safe; 21% risk of failure)
Confirm with . or Enter, or press ? or * to list all spells.
Okay, then.
Casting: Blink (safe; 21% risk of failure)
Confirm with . or Enter, or press ? or * to list all spells.
You miscast Blink.
You are very lightly contaminated with residual magic.
Nothing appears to happen.
Edmund hits you with a +2 antimagic flail!
You feel your power leaking away.
Casting: Blink (safe; 21% risk of failure)
Confirm with . or Enter, or press ? or * to list all spells.
You miscast Blink.
Nothing appears to happen.
Edmund hits you with a +2 antimagic flail.
Casting: Blink (safe; 21% risk of failure)
Confirm with . or Enter, or press ? or * to list all spells.
You don't have enough magic to cast this spell.
Throw: 10 darts (poison)
Press: ? - help, Q - select action, (/) - cycle Shift-Dir - straight line, f - Edmund
Aim: Edmund, wielding a +2 antimagic flail and wearing a +0 ring mail (moderately wounded, 60% to hit)
You throw a poisoned dart. The poisoned dart hits Edmund.
Edmund is moderately wounded.
Edmund hits you with a +2 antimagic flail!
* * * LOW HITPOINT WARNING * * *
CowFu's ghost shrieks, "There is no future for me!"
There is a transporter here.
You are starting to lose your buoyancy.
Edmund says, "People think my brother is the best.
I think he's crazy."
There is a stone staircase leading up here.
Items here: ( )) [.
You float gracefully downwards.
Your magical contamination has completely faded away.
Edmund says, "I might not be good at magic, but I can still kill you!"
Casting: Blink (safe; 21% risk of failure)
Confirm with . or Enter, or press ? or * to list all spells.
You miscast Blink.
You are very lightly contaminated with residual magic.
Nothing appears to happen.
Edmund hits you with a +2 antimagic flail!
You die...

.......#########.#
.#.#...# #.#
.[.#...# #.#
.###...# #.#
....>..# #.#
#####..# #.# #
#..# #.# # #..####
#@# #
#.....######@## #
##............# #
####.###.....# #
#.# #.#...# # #.#
#.#.### # #.#
#.#.# # #.# #.#.#
#########.# #.#.#
##........# #.#.#


You could see Edmund.

Vanquished Creatures
  An ogre (D:3)
  A gnoll (D:3)
  An adder (D:2)
  A worm (D:3)
  3 dart slugs
  7 orcs
  3 ball pythons
  8 bats
  7 endoplasms
  4 giant cockroaches
  6 goblins
  7 hobgoblins
  2 jackals (D:3)
  2 quokkas (D:1)
  A frilled lizard (D:1)
  3 kobolds
  11 rats
68 creatures vanquished.

Notes
Turn   | Place    | Note
-------+----------+-------------------------------------------
     0 | D:1      | frimble the Minotaur Warper began the quest for the Orb.
     0 | D:1      | Reached XP level 1. HP: 18/18 MP: 1/1
   170 | D:1      | Reached XP level 2. HP: 11/25 MP: 3/3
  1074 | D:1      | Reached XP level 3. HP: 27/30 MP: 4/4
  1277 | D:2      | Found Umyufixe's Antique Armour Shop.
  1347 | D:2      | Found Raej's Antique Weapon Shoppe.
  1835 | D:2      | Found a sparkling altar of Nemelex Xobeh.
  1845 | D:2      | Learned a level 2 spell: Blink
  2106 | D:3      | Found a transporter.
  2106 | D:3      | Noticed CowFu's ghost (amateur DECj)
  2283 | D:3      | Found a transporter.
  2307 | D:3      | Noticed an ogre
  2314 | D:3      | Killed an ogre
  2315 | D:3      | Reached skill level 1 in Long Blades
  2315 | D:3      | Reached XP level 4. HP: 38/38 MP: 5/5
  2315 | D:3      | Reached XP level 5. HP: 45/45 MP: 6/6
  2760 | D:4      | Noticed Edmund
  3039 | D:3      | Slain by Edmund

Illustrated notes

Levels and vault maps discovered:
D:1:      dpeg_arrival_prison, layout_loops_ring
D:2:      minmay_spotlight, layout_loops_ring, serial_shops, shop_fountains,
          nicolae_shop_overgrown_old_shop, basic_altar, serial_aquarium,
          aquarium_bridge_square [aquarium_subvault_wall,
          aquarium_subvault_wall, aquarium_subvault_window,
          aquarium_subvault_bridge], aquarium_bridge_long_joined
          [aquarium_subvault_wall, aquarium_subvault_balcony,
          aquarium_subvault_bridge, aquarium_subvault_balcony,
          aquarium_subvault_wall, aquarium_subvault_window], aquarium_window_2,
          aquarium_window_corner, aquarium_window_2, aquarium_window_corner,
          aquarium_view_2c, aquarium_pool_2, minmay_hedge_maze,
          hangedman_decor_clover_reticule
D:3:      layout_loops_ring, gammafunk_ghost_arena
D:4:      layout_basic, uniq_edmund

Skill      XL: |  1  2  3 |
---------------+----------+-----
Armour         | 2 |  2.9
Fighting       | 3 |  3.3
Long Blades    | 1 |  1.4
Dodging        | 3 |  3.1
Short Blades   | |  2.7
Throwing       | |  1.9
Spellcasting   | |  1.9
Translocations | |  2.6

Action                   |  1- 3 |  4- 6 || total
-------------------------+-------+-------++-------
Melee: Short sword       |    99 |       ||    99
       Headbutt          |    17 |     8 ||    25
       Long sword        |     8 |    39 ||    47
Throw: Dart              |       |     1 ||     1
  Use: Potion            |       |     4 ||     4
 Stab: Distracted        |     1 |       ||     1
Armor: Leather armour    |    19 |     5 ||    24
Dodge: Dodged            |    86 |    44 ||   130
       Rpst.: Long sword |     3 |    12 ||    15

Table legend: (Time is in decaauts)
 A = Elapsed time spent in this place.
 B = Non-inter-level travel time spent in this place.
 C = Inter-level travel time spent in this place.
 D = Time resting spent in this place.
 E = Time spent auto-exploring this place.
 F = Levels seen in this place.
 G = Mean time per level.
                   A        B        C        D        E       F      G
               +--------+--------+--------+--------+--------+-----+--------+
         Total |   3052 |   2950 |    102 |     66 |   2430 |   4 |  763.0 |
       Dungeon |   3052 |   2950 |    102 |     66 |   2430 |   4 |  763.0 |
               +--------+--------+--------+--------+--------+-----+--------+

Top non-repeatable levels by time:
     D:1: 1191 daAuts
     D:3: 974 daAuts
     D:2: 823 daAuts
     D:4: 62 daAuts
